 Dungeon Crawl Stone Soup version 0.28-a0-312-gbced6e68ee (console) character file.

Game seed: 6006535787323147942

420168 jejorda2 the Warrior (level 23, -2/208 HPs)
             Began as a Tengu Berserker on Aug 30, 2021.
             Was the Champion of Trog.
             Slain by a war gargoyle (9 damage)
             ... on level 4 of the Vaults.
             The game lasted 03:09:52 (51893 turns).

jejorda2 the Warrior (Tengu Berserker)             Turns: 51893, Time: 03:09:52

Health: -2/208     AC: 30    Str: 27    XL:     23   Next: 69%
Magic:  24/24      EV: 19    Int: 16    God:    Trog [******]
Gold:   179        SH: 17    Dex: 19    Spells: 22/22 levels left

rFire   + . .      SeeInvis .   b - +9 eveningstar (flame)
rCold   + + .      Faith    +   k - +2 kite shield {rPois}
rNeg    . . .      Spirit   .   Y - +3 plate armour {rC+}
rPois   +          Reflect  .   (helmet restricted)
rElec   +          Harm     .   f - +2 cloak
rCorr   .          Rampage  .   s - +2 pair of gloves
Will    +++..                   (boots unavailable)
Stlth   ..........              P - amulet of Geutaasch {Faith rElec rC+ Int+7}
HPRegen 1.44/turn               t - +4 ring of protection
MPRegen 0.19/turn               N - ring of the Everdark {rF+ Str+6}

@: berserking, strong-willed, flying quickly and evasively, regenerating,
studying Bows, very quick
A: beak, talons 3, nimble flight, frail 1, screaming 1
}: 2/15 runes: barnacled, gossamer
a: Renounce Religion, Berserk, Trog's Hand, Brothers in Arms


You were on level 4 of the Vaults.
You worshipped Trog.
Trog was exalted by your worship.
You visited 7 branches of the dungeon, and saw 37 of its levels.
You visited the Abyss 5 times.
You visited 1 bazaar.
You also visited: Trove, Ice Cave and Volcano.

You collected 4471 gold pieces.
You spent 4292 gold pieces at shops.

Inventory:

Hand Weapons
 a - the +8 whip "Snakebite" {venom, curare, rPois}
   (You found it on level 3 of the Lair of Beasts)

   It poisons the flesh of those it strikes.
   It occasionally inflicts asphyxiating poison on those it strikes, dealing
   poison damage and causing slowness.
   rPois:     It protects you from poison.
 b - a +9 eveningstar of flaming (weapon)
 w - a +4 antimagic morningstar
 W - a +1 sacred scourge of holy wrath
Missiles
 l - 5 curare-tipped darts
 r - 35 boomerangs
 z - 3 throwing nets
 H - 21 javelins
 O - 13 boomerangs of dispersal
 R - 6 datura-tipped darts
 X - 42 silver javelins (quivered)
Armour
 f - a +2 cloak (worn)
 k - a +2 kite shield of poison resistance (worn)
 s - a +2 pair of gloves (worn)
 Y - a +3 plate armour of cold resistance (worn)
Jewellery
 t - a +4 ring of protection (left hand)
 v - a ring of resist corrosion
 L - the ring "Puev" {Will+ Str+3 Slay-5 SInv}
   (You took it off an efreet on level 9 of the Dungeon)

   [ring of willpower]

   Str:       It affects your strength (+3).
   Slay:      It affects your accuracy & damage with ranged weapons and melee
   (-5).
   SInv:      It lets you see invisible.
   Will:      It increases your willpower.
 N - the ring of the Everdark (right hand) {rF+ Str+6}
   (You took it off a centaur warrior on level 9 of the Dungeon)

   [ring of strength]

   Str:       It affects your strength (+6).
   rF:        It protects you from fire.
 P - the amulet of Geutaasch (around neck) {Faith rElec rC+ Int+7}
   (You took it off an orc priest on level 9 of the Dungeon)

   [amulet of faith]

   It allows you to gain divine favour quickly.
   Int:       It affects your intelligence (+7).
   rC:        It protects you from cold.
   rElec:     It insulates you from electricity.
Wands
 h - a wand of paralysis (37)
 p - a wand of polymorph (8)
 x - a wand of flame (90)
 B - a wand of digging (27)
 C - a wand of charming (19)
 D - a wand of acid (5)
 K - a wand of mindburst (21)
 Q - a wand of iceblast (28)
Scrolls
 g - 9 scrolls of fog
 j - 5 scrolls of teleportation
 u - 4 scrolls of holy word
 y - a scroll of magic mapping
 A - 9 scrolls of blinking
 E - 6 scrolls of summoning
 F - 6 scrolls of fear
 G - 2 scrolls of immolation
Potions
 c - 11 potions of attraction
 e - 6 potions of resistance
 i - 15 potions of curing
 m - 7 potions of might
 n - 9 potions of haste
 o - a potion of cancellation
 q - 3 potions of mutation
 J - 5 potions of invisibility
Miscellaneous
 d - a phial of floods
 I - a lightning rod (4/4)
 S - a condenser vane
 U - a tin of tremorstones (1/2)


   Skills:
 - Level 19.5 Fighting
 - Level 16.0 Maces & Flails
 - Level 16.0 Throwing
 - Level 14.4 Armour
 - Level 14.4 Dodging
 - Level 4.0 Stealth
 + Level 18.1 Shields
 - Level 13.0 Evocations


You had 22 spell levels left.
You didn't know any spells.
Your spell library was empty.

Dungeon Overview and Level Annotations

Branches:
Dungeon (15/15)            Temple (0/1) D:7            Lair (6/6) D:8
 Shoals (4/4) Lair:4       Spider (4/4) Lair:3        Slime (0/5) Lair:6
    Orc (2/2) D:11            Elf (3/3) Orc:2        Vaults (2/5) D:14
 Depths (0/5) D:15          IceCv (visited)         Volcano (visited)
  Crypt: Vaults:2-3

Altars:
Makhleb
Qazlal
Beogh
Jiyva

Shops:
D:5 *   D:8 *   D:12 (   D:15 [   Orc:1 *   Orc:2 [***   Vaults:1 ?*(

Portals:
Hell: Lair:6

Annotations:
Lair:6 3 runed translucent doors, porpoise's ghost, journeyman OgAM


Innate Abilities, Weirdness & Mutations

You have a beak for a mouth.
You have claws for feet.
Your magical nature lets you fly swiftly and evasively.
You are frail. (-10% HP)
You occasionally shout uncontrollably at your foes.


Message History

The war gargoyle hits you with a +0 great mace.
* * * LOW HITPOINT WARNING * * *
The ironbound thunderhulk is engulfed in freezing vapours.
The ironbound thunderhulk weeps quietly.
The shadow dragon closely misses you. You block the shadow dragon's attack.
The shadow dragon claws you.
* * * LOW HITPOINT WARNING * * *
You swap places.
Your skin stops crawling.
You feel less strong-willed.
The war gargoyle hits your cyclops with a +0 great mace!!
The ironbound thunderhulk is engulfed in freezing vapours.
You kill the ironbound thunderhulk!
Trog accepts your kill. The shadow dragon bites your cyclops!
The shadow dragon drains your cyclops. The shadow dragon claws your cyclops!
The shadow dragon barely misses your cyclops.
The war gargoyle hits your cyclops with a +0 great mace!
Your skin crawls.
You feel strong-willed.
Your cyclops hits the war gargoyle!!
The phantasmal warrior is engulfed in freezing vapours.
The war gargoyle launches metal splinters at your cyclops.
The spray of metal splinters hits your cyclops!!!
Your cyclops dies!
Your cyclops's corpse disappears in a puff of smoke!
Unknown command.
The phantasmal warrior is engulfed in freezing vapours.
As you read the scroll of fear, it crumbles to dust.
You assume a fearsome visage.
The phantasmal warrior is unaffected.
The shadow dragon resists with almost no effort.
The war gargoyle is unaffected.
The shadow dragon closely misses you. The shadow dragon claws you.
* * * LOW HITPOINT WARNING * * *
The shadow dragon closely misses you.
The war gargoyle launches metal splinters at you.
The spray of metal splinters hits you but does no damage.
A red film seems to cover your vision as you go berserk!
You feel yourself moving faster!
You feel mighty!
The war gargoyle hits you with a +0 great mace!
You die...

,* ******** ,*
*..,,,,* ,*
*****.,,,** ,*
*,,,*#.,##*** ,*
*,,.##..#),,*
,***,,..Q)Q#),,*
,+,**,...§.(.,,###
,+,,,,...§§§§###.#
,+,,,,...§§§§)WD@#
,*,,,*#..§##§..9.#
,*,***#,,,*###...#
,*** *,,,* ###.#
,* ***** #+#** ,*
**,,,** ,* *,,,,,*
,* **,,,** ,****
***** *,,,,,*


You could see a shadow dragon, a war gargoyle (catching breath) and a phantasmal
warrior.

Vanquished Creatures
  Saint Roka (Orc:2)
  2 bone dragons
  Jorgrun (Spider:1)
  Rupert (Spider:1)
  A titan (Vaults:4)
  A hellephant (Abyss:2)
  A deep elf blademaster (Elf:3)
  3 deep elf master archers (Elf:3)
  3 sphinxes
  3 tentacled starspawn (Abyss:3)
  Polyphemus (Shoals:1)
  A storm dragon (Shoals:4)
  2 tengu reavers
  Donald (Vaults:2)
  A revenant (Abyss:3)
  Roxanne (Elf:1)
  The ghost of pokeman the Sorcerer, an adept DEWz of Vehumet (Shoals:3)
  3 ghost moths
  5 vault wardens
  9 deep elf sorcerers
  A draconian shifter (Abyss:3)
  An angel (Abyss:3)
  An emperor scorpion (Spider:4)
  10 ironbound preservers
  An ophan (Abyss:3)
  5 deep elf elementalists (Elf:3)
  9 very ugly things (Vaults:1)
  5 deep elf demonologists (Elf:3)
  2 spark wasps (Spider:4)
  2 entropy weavers (Spider:4)
  3 deep elf annihilators (Elf:3)
  A dire elephant (Lair:6)
  4 merfolk javelineers (Shoals:4)
  Josephine (D:10)
  8 deep elf death magi
  An ettin (Vaults:1)
  13 merfolk impalers
  5 deep elf high priests
  2 rakshasas
  Harold (Orc:1)
  6 yaktaur captains
  5 ironbound thunderhulks
  2 caustic shrike simulacra (IceCv)
  7 hydras
  Fannar (Orc:1)
  2 ogre magi (D:15)
  9 boulder beetles
  4 merfolk avatars
  A catoblepas (Shoals:2)
  4 ironbound frosthearts
  3 alligator snapping turtles
  4 merfolk aquamancers
  5 centaur warriors
  33 dancing weapons
  2 tengu warriors (D:13)
  2 satyrs (Shoals:3)
  13 two-headed ogres
  11 death yaks
  3 thrashing horrors
  3 ironbound beastmasters
  4 orc high priests
  Urug (Orc:1)
  Sonja (D:11)
  22 deep elf knights
  2 wretched stars
  3 sixfirhies (Abyss:3)
  The ghost of Thraspic the Cleaver, a novice HOGl of Beogh (D:7)
  2 spatial maelstroms
  11 sea snakes
  32 deep trolls
  An obsidian statue (IceCv)
  2 glowing orange brains (Abyss:3)
  3 bog bodies (IceCv)
  8 lindwurms
  32 deep elf pyromancers
  14 deep elf archers
  5 orc knights
  Pikel (D:4)
  8 ironbound convokers
  6 wizards
  2 necromancers
  15 harpies
  3 cyclopes
  A harpy (shapeshifter) (D:14)
  8 orb spiders
  26 deep elf zephyrmancers
  2 will-o-the-wisps
  20 wolf spiders
  7 orc sorcerers
  2 moths of wrath (Spider:4)
  2 worldbinders
  13 manticores
  13 fauns
  34 ugly things
  A moth of wrath (shapeshifter) (Elf:2)
  Maurice (Orc:2)
  Grum (D:8)
  8 merfolk sirens
  13 water nymphs
  5 elephants
  Joseph (D:8)
  6 black mambas
  4 cane toads
  A smoke demon (Lair:6)
  A torpor snail (Lair:6)
  8 vault sentinels
  8 gargoyles
  3 naga magi (D:15)
  3 rime drakes
  3 efreet
  An unseen horror (Abyss:2)
  3 ice devils
  2 anaconda simulacra
  16 komodo dragons
  19 yaktaurs
  3 ancient zymes (Abyss:3)
  A golden dragon simulacrum (IceCv)
  A hellwing (Abyss:3)
  15 demonic crawlers
  16 freezing wraiths (IceCv)
  A polar bear (Lair:4)
  8 trolls
  31 jumping spiders
  A queen bee (shapeshifter) (Elf:2)
  8 hornets
  A hornet (shapeshifter) (D:14)
  8 wind drakes
  16 blink frogs
  25 merfolk
  5 raiju (Abyss:3)
  A wolf spider simulacrum (D:15)
  13 snapping turtles
  18 dream sheep
  A centaur simulacrum (D:12)
  10 large abominations
  46 redbacks
  A flying skull (Abyss:2)
  7 air elementals
  4 wyverns
  A ynoxinul (Abyss:3)
  18 tarantellas
  A spriggan (shapeshifter) (D:9)
  7 wraiths
  4 spriggan simulacra
  77 yaks
  6 basilisks
  21 water elementals
  A shadow (D:11)
  A vampire (D:13)
  7 fire elementals (Volcano)
  2 hogs (D:13)
  4 dire elephant simulacra (IceCv)
  The ghost of Ndrwtcm the Chopper, an amateur HOFi of Okawaru (D:5)
  A human (shapeshifter) (D:15)
  A steam dragon (D:7)
  2 neqoxecs
  2 chaos spawn (Abyss:3)
  A minotaur simulacrum (Elf:2)
  A warg (Orc:2)
  11 vampire mosquitoes
  A spatial vortex (Abyss:3)
  Edmund (D:5)
  7 harpy simulacra (IceCv)
  3 acid dragons
  20 water moccasins
  5 hell hounds
  A hydra simulacrum (IceCv)
  2 black bears
  2 small abominations (Abyss:3)
  A sky beast (D:6)
  An ettin simulacrum (IceCv)
  21 orc warriors
  An ice beast (D:7)
  3 alligator simulacra
  A hornet zombie (D:15)
  11 ogres
  12 boggarts
  A necrophage (D:5)
  8 wolves
  9 centaurs
  A phantom (D:5)
  2 kobold brigands
  A gnoll sergeant (D:9)
  5 deep troll simulacra
  14 bullfrogs
  2 water moccasin zombies (D:3)
  5 earth elementals
  A hornet simulacrum (D:15)
  A wyvern skeleton (D:5)
  2 lindwurm simulacra
  5 killer bees (D:9)
  A wight (D:9)
  4 howler monkeys
  9 electric eels
  A quasit (Abyss:3)
  A bullfrog zombie (D:5)
  15 starcursed masses
  6 centaur zombies
  3 hounds
  18 orc priests
  2 iron imps (Abyss:2)
  A bullfrog skeleton (D:7)
  3 centaur skeletons
  3 iguanas
  21 orc wizards
  5 hell rats (Lair:6)
  A scorpion zombie (D:5)
  A howler monkey zombie (D:8)
  7 gnolls
  12 adders
  3 shadow imps
  6 white imps
  4 ufetubi (Abyss:2)
  3 worms
  2 dart slugs
  54 orcs
  10 endoplasms
  16 giant cockroaches
  6 goblins
  5 hobgoblins
  16 jackals
  9 quokkas
  8 ball pythons
  5 bats
  6 frilled lizards
  8 kobolds
  7 rats
  2 starspawn tentacles (Abyss:3)
1498 creatures vanquished.

Vanquished Creatures (collateral kills)
  2 liches
  Kirke (D:13)
  An ironbound preserver (Vaults:1)
  A deep elf annihilator (Elf:3)
  A merfolk javelineer (Shoals:2)
  A spark wasp (Spider:4)
  An ettin (Vaults:4)
  A merfolk impaler (Shoals:4)
  A great orb of eyes (Abyss:3)
  A hydra (D:13)
  A hell beast (Lair:6)
  A rakshasa (Abyss:2)
  A catoblepas (D:9)
  A centaur warrior (D:9)
  A merfolk aquamancer (Shoals:4)
  A two-headed ogre (D:13)
  3 tengu warriors (D:13)
  A dancing weapon (Elf:2)
  5 deep trolls
  An ironbound convoker (Vaults:4)
  A deep elf pyromancer (Elf:2)
  2 harpies (Shoals:4)
  A necromancer (Vaults:4)
  A manticore (Shoals:4)
  A cyclops (D:13)
  A merfolk siren (Shoals:2)
  A cane toad (shapeshifter) (D:13)
  3 orange demons (Lair:6)
  An efreet (D:9)
  2 anaconda simulacra (IceCv)
  A red devil (Lair:6)
  2 merfolk
  A hornet (Spider:4)
  A snapping turtle (Shoals:4)
  A slime creature (D:9)
  2 flying skulls (Abyss:2)
  A large abomination (Abyss:3)
  A water elemental (Shoals:4)
  An air elemental (Shoals:4)
  Sigmund (D:5)
  4 starcursed masses (Abyss:2)
  A basilisk (Lair:6)
  A chaos spawn (Abyss:3)
  A harpy simulacrum (IceCv)
  2 hell hounds (Lair:6)
  An orc warrior (D:9)
  2 wolves (D:8)
  2 centaurs (D:9)
  A small abomination (Abyss:3)
  A lindwurm simulacrum (IceCv)
  3 killer bees (D:9)
  4 wights (D:9)
  A howler monkey (D:9)
  An iguana (D:5)
  An orc (D:13)
79 creatures vanquished.

Vanquished Creatures (others)
  Nessos (D:13)
  A deep elf knight (Elf:1)
  2 deep elf archers
  2 deep elf zephyrmancers
  A vault sentinel (Vaults:4)
  A water elemental (Elf:1)
  2 humans (D:13)
  An orc warrior (Elf:1)
  An orc priest (Orc:2)
  2 orc wizards
  An ufetubus (Elf:1)
  2 orcs
  A kobold (D:10)
  11 fungi
  110 plants
  10 starspawn tentacles (Abyss:3)
149 creatures vanquished.

Grand Total: 1726 creatures vanquished

Notes
Turn   | Place    | Note
-------+----------+-------------------------------------------
     0 | D:1      | jejorda2 the Tengu Berserker began the quest for the Orb.
     0 | D:1      | Reached XP level 1. HP: 14/14 MP: 2/2
   146 | D:1      | Reached XP level 2. HP: 18/19 MP: 3/3
   481 | D:1      | Reached XP level 3. HP: 23/23 MP: 4/4
   547 | D:1      | Reached ** piety under Trog
  1226 | D:1      | Found a faded altar of an unknown god.
  1441 | D:2      | Reached XP level 4. HP: 28/28 MP: 5/5
  1681 | D:2      | Reached *** piety under Trog
  2199 | D:3      | Reached skill level 1 in Shields
  2199 | D:3      | Gained mutation: Your magical nature lets you fly swiftly
                  | and evasively. [Tengu growth]
  2199 | D:3      | Reached XP level 5. HP: 31/32 MP: 6/6
  2649 | D:3      | Reached XP level 6. HP: 35/38 MP: 7/7
  2843 | D:4      | Noticed Pikel
  2856 | D:4      | Reached skill level 5 in Maces & Flails
  2871 | D:4      | Killed Pikel
  2872 | D:4      | Reached skill level 4 in Fighting
  2872 | D:4      | Reached XP level 7. HP: 26/44 MP: 8/8
  3105 | D:4      | Reached XP level 8. HP: 48/48 MP: 9/9
  3117 | D:4      | Reached **** piety under Trog
  4126 | D:5      | Entered Level 5 of the Dungeon
  4158 | D:5      | Found Fateitt's Assorted Antiques.
  4167 | D:5      | Bought a scroll labelled JANIMA XUSEH for 23 gold pieces
  4167 | D:5      | Bought a scroll labelled DUILUA DUIPLI for 23 gold pieces
  4196 | D:5      | Noticed Sigmund
  4205 | D:5      | Killed Sigmund
  4230 | D:5      | Reached skill level 5 in Fighting
  4230 | D:5      | Reached skill level 5 in Dodging
  4247 | D:5      | Reached skill level 5 in Armour
  4345 | D:5      | Noticed Edmund
  4353 | D:5      | Killed Edmund
  4478 | D:5      | Noticed a wraith
  4483 | D:5      | Killed a wraith
  4484 | D:5      | Reached XP level 9. HP: 45/54 MP: 10/10
  4579 | D:5      | Noticed Ndrwtcm's ghost (amateur HOFi)
  4582 | D:5      | Found a runed translucent door.
  4602 | D:5      | Killed Ndrwtcm's ghost
  4663 | D:5      | Reached ***** piety under Trog
  5958 | D:6      | Found a stormy altar of Qazlal.
  6067 | D:7      | Reached skill level 6 in Fighting
  6279 | D:7      | Found a large runed translucent door.
  6279 | D:7      | Found a large runed translucent door.
  6283 | D:7      | Noticed Thraspic's ghost (novice HOGl)
  6351 | D:7      | Found a staircase to the Ecumenical Temple.
  6563 | D:7      | Reached skill level 10 in Maces & Flails
  6791 | D:7      | Reached XP level 10. HP: 60/60 MP: 11/11
  6794 | D:7      | Noticed a red ugly thing
  6801 | D:7      | Killed a red ugly thing
  6802 | D:7      | Reached skill level 5 in Shields
  7141 | D:7      | Killed Thraspic's ghost
  7141 | D:7      | Received a gift from Trog
  7219 | D:8      | Found Xer Jif's Overcharged Wands.
  7243 | D:8      | Noticed Grum
  7403 | D:8      | Killed Grum
  7436 | D:8      | Found a staircase to the Lair.
  7463 | D:8      | Identified a scroll of acquirement
  7463 | D:8      | Acquired 333 gold pieces
  7635 | D:8      | Noticed Joseph
  7650 | D:8      | Killed Joseph
  7801 | D:9      | Noticed a catoblepas
  7801 | D:9      | Identified the ring of the Everdark {rF+ Str+6}
  7801 | D:9      | Noticed a centaur warrior
  7808 | D:9      | Killed a centaur warrior
  7809 | D:9      | Reached XP level 11. HP: 49/64 MP: 12/12
  7810 | D:9      | Killed a catoblepas
  7816 | D:9      | Identified the ring "Puev" {Will+ Str+3 Slay-5 SInv}
  7824 | D:9      | Noticed a wizard
  7834 | D:9      | Killed a wizard
  7840 | D:9      | Noticed a boulder beetle
  7848 | D:9      | Killed a boulder beetle
  7901 | D:9      | Identified the amulet of Nuodenk {Spirit Str+7 Dex-3}
  7901 | D:9      | Identified the amulet of Geutaasch {Faith rElec rC+ Int+7}
  8088 | D:9      | Noticed a purple ugly thing
  8096 | D:9      | Killed a purple ugly thing
  8370 | D:9      | Noticed a six-headed hydra
  8378 | D:9      | Killed a six-headed hydra
  8648 | D:9      | Noticed a six-headed hydra
  8655 | D:9      | Killed a six-headed hydra
  8656 | D:9      | Reached skill level 15 in Maces & Flails
  8656 | D:9      | Reached XP level 12. HP: 70/70 MP: 13/13
  8974 | D:10     | Entered Level 10 of the Dungeon
  9024 | D:10     | Noticed a two-headed ogre
  9032 | D:10     | Killed a two-headed ogre
  9453 | D:10     | Noticed a two-headed ogre
  9463 | D:10     | Killed a two-headed ogre
  9756 | D:10     | Noticed a two-headed ogre
  9764 | D:10     | Killed a two-headed ogre
  9765 | D:10     | Reached skill level 10 in Shields
 10023 | D:10     | Noticed Josephine
 10048 | D:10     | Killed Josephine
 11598 | D:11     | Reached XP level 13. HP: 74/74 MP: 14/14
 11858 | D:11     | Noticed Sonja
 11863 | D:11     | Killed Sonja
 12122 | D:11     | Found a staircase to the Orcish Mines.
 12253 | Lair:1   | Entered Level 1 of the Lair of Beasts
 13724 | Lair:2   | Found the +3 pair of seven-league boots {Rampage+∞}
 13768 | Lair:2   | Identified the +8 demon whip of Fortitude {vorpal, rCorr}
                  | (Trog gifted it to you on level 2 of the Lair of Beasts)
 13768 | Lair:2   | Received a gift from Trog
 14057 | Lair:2   | Identified the +0 robe of Imymmo {Regen+ Int+4 Stlth-}
 14233 | Lair:3   | Found a hole to the Spider Nest.
 14276 | Lair:3   | Found a dark tunnel.
 14284 | Volcano  | Entered a volcano
 15339 | Lair:3   | Found the +8 whip "Snakebite" {venom, curare, rPois}
 15587 | Lair:4   | Reached XP level 14. HP: 78/80 MP: 15/15
 15639 | Lair:4   | Found a staircase to the Shoals.
 15703 | Lair:4   | Reached skill level 1 in Evocations
 16409 | Lair:4   | Identified the +4 short sword of Jozad {pain, rC+}
 16850 | Lair:5   | Reached skill level 7 in Fighting
 16898 | Lair:5   | Reached ****** piety under Trog
 16908 | Lair:5   | Reached skill level 15 in Shields
 17321 | Lair:6   | Entered Level 6 of the Lair of Beasts
 17791 | Lair:6   | Reached skill level 8 in Fighting
 17791 | Lair:6   | Reached skill level 5 in Evocations
 18182 | Lair:6   | Found a staircase to the Slime Pits.
 18183 | Lair:6   | Found a viscous altar of Jiyva.
 18278 | Lair:6   | Reached skill level 1 in Throwing
 18306 | Lair:6   | Received a gift from Trog
 18313 | Lair:6   | Found a runed translucent gate.
 18345 | Lair:6   | Reached skill level 9 in Fighting
 18385 | Lair:6   | Reached XP level 15. HP: 64/90 MP: 16/16
 19118 | Lair:6   | Found a burning altar of Makhleb.
 19142 | Lair:6   | Received a gift from Trog
 19353 | Lair:6   | Found a gateway to Hell.
 19670 | Lair:6   | Found a runed translucent gate.
 19670 | Lair:6   | Found a runed translucent gate.
 19671 | Lair:6   | Noticed porpoise's ghost (journeyman OgAM)
 20027 | D:12     | Found Vilaobid's Antique Weapon Boutique.
 20219 | D:12     | Reached skill level 10 in Fighting
 20498 | D:12     | Reached skill level 5 in Throwing
 20721 | D:13     | Noticed Kirke
 20735 | D:13     | Killed Kirke
 20748 | D:13     | Found a portal to a secret trove of treasure.
 20776 | D:13     | Found a flickering gateway to a bazaar.
 20792 | Bazaar   | Entered a bazaar
 20808 | Bazaar   | Found Dabunk's Book Shoppe.
 20809 | Bazaar   | Found Qiasuf's Antique Weapon Shoppe.
 20852 | Bazaar   | Found Gadiydaggo's Assorted Antiques.
 20852 | Bazaar   | Found Laskiviy's Jewellery Emporium.
 20886 | Bazaar   | Bought a scroll of fear for 84 gold pieces
 21609 | D:14     | Received a gift from Trog
 21684 | D:14     | Found a gate to the Vaults.
 21782 | D:13     | Killed Nessos
 22348 | D:14     | Reached skill level 11 in Fighting
 22453 | D:14     | Found a stormy altar of Qazlal.
 22596 | D:15     | Entered Level 15 of the Dungeon
 22689 | D:15     | Reached XP level 16. HP: 64/100 MP: 17/17
 22945 | D:15     | Found Isagikic's Antique Armour Shoppe.
 22953 | D:15     | Bought a runed chain mail for 225 gold pieces
 22953 | D:15     | Bought a glowing plate armour for 780 gold pieces
 22953 | D:15     | Bought a glowing scarf for 240 gold pieces
 22953 | D:15     | Bought a pair of runed gloves for 225 gold pieces
 23093 | D:15     | Reached skill level 10 in Armour
 23093 | D:15     | Reached skill level 10 in Dodging
 23187 | D:15     | Reached skill level 12 in Fighting
 23212 | D:15     | Identified the +5 quarterstaff "Enormous Hell-Harrower"
                  | {vorpal, rF+ Dex+4} (Trog gifted it to you on level 15 of
                  | the Dungeon)
 23212 | D:15     | Received a gift from Trog
 23381 | D:15     | Found a staircase to the Depths.
 23839 | Orc:1    | Entered Level 1 of the Orcish Mines
 23839 | Orc:1    | Noticed Fannar
 23847 | Orc:1    | Noticed Urug
 23857 | Orc:1    | Killed Fannar
 23869 | Orc:1    | Killed Urug
 24099 | Orc:1    | Noticed Harold
 24109 | Orc:1    | Killed Harold
 24389 | Orc:1    | Found Ryireell's General Store.
 24397 | Orc:1    | Bought a potion of ambrosia for 104 gold pieces
 24607 | Orc:2    | Entered Level 2 of the Orcish Mines
 24672 | Orc:2    | Found a staircase to the Elven Halls.
 24750 | Orc:2    | Received a gift from Trog
 25035 | Orc:2    | Noticed Maurice
 25039 | Orc:2    | Killed Maurice
 25050 | Orc:2    | Noticed Saint Roka
 25071 | Orc:2    | Killed Saint Roka
 25392 | Orc:2    | Paralysed by an orc sorcerer for 4 turns
 25757 | Orc:2    | Reached skill level 13 in Fighting
 25764 | Orc:2    | Received a gift from Trog
 25869 | Orc:2    | Found Zuxemaedda's Armour Shoppe.
 25869 | Orc:2    | Found Arhi Puefyv's Assorted Antiques.
 25871 | Orc:2    | Found Binuta's Assorted Antiques.
 25871 | Orc:2    | Found Sesoe's Assorted Antiques.
 25885 | Orc:2    | Bought a scroll of teleportation for 90 gold pieces
 25886 | Orc:2    | Bought a pair of embroidered gloves for 165 gold pieces
 25890 | Orc:2    | Bought a +2 kite shield of poison resistance for 240 gold
                  | pieces
 25913 | Orc:2    | Bought a runed tower shield for 277 gold pieces
 26201 | Spider:1 | Entered Level 1 of the Spider Nest
 26601 | Shoals:1 | Entered Level 1 of the Shoals
 28355 | Shoals:2 | Noticed Polyphemus
 28366 | Shoals:1 | Killed Polyphemus
 28367 | Shoals:1 | Reached XP level 17. HP: 110/110 MP: 18/18
 29128 | Shoals:2 | Received a gift from Trog
 29161 | Shoals:2 | Reached skill level 14 in Fighting
 29845 | Shoals:3 | Found a runed translucent gate.
 29848 | Shoals:3 | Found a runed translucent gate.
 29913 | Shoals:3 | Found a runed translucent gate.
 29913 | Shoals:3 | Noticed pokeman's ghost (adept DEWz)
 29934 | Shoals:3 | Killed pokeman's ghost
 30194 | Shoals:3 | Received a gift from Trog
 31549 | Shoals:4 | Entered Level 4 of the Shoals
 31856 | Shoals:4 | Paralysed by an air elemental for 1 turns
 31897 | Shoals:4 | Reached skill level 15 in Fighting
 32518 | Shoals:4 | Received a gift from Trog
 32727 | Shoals:4 | Reached XP level 18. HP: 110/119 MP: 19/19
 32969 | Shoals:4 | Got a barnacled rune of Zot
 32975 | Shoals:4 | Identified the +0 pair of gloves of Xom's Inspiration
                  | {Will- Str+4}
 33235 | Shoals:4 | Found a stormy altar of Qazlal.
 33266 | Shoals:4 | Paralysed by an air elemental for 1 turns
 33279 | Shoals:4 | Paralysed by an air elemental for 1 turns
 33756 | Shoals:4 | Reached skill level 10 in Throwing
 33959 | Shoals:4 | Received a gift from Trog
 34588 | Spider:1 | Noticed Jorgrun
 34611 | Spider:1 | Killed Jorgrun
 34821 | Spider:1 | Noticed Rupert
 34877 | Spider:1 | Killed Rupert
 35604 | Spider:2 | You are sucked into a shaft and drop 1 floor!
 36119 | Spider:3 | Reached skill level 16 in Fighting
 36560 | Spider:3 | Received a gift from Trog
 36983 | Spider:4 | Entered Level 4 of the Spider Nest
 37424 | Spider:4 | Reached XP level 19. HP: 127/127 MP: 20/20
 37723 | D:13     | You paid a toll of 15 scrolls of teleportation to enter a
                  | treasure trove
 37724 | Trove    | Entered a treasure trove
 37771 | Trove    | Reached XP level 20. HP: 132/132 MP: 21/21
 37781 | Trove    | Identified the amulet of Peeneh {Faith rPois Str-5 Int+5
                  | Stlth+}
 37785 | Trove    | Identified the amulet "Janwutri" {Reflect Drain rC+ Regen+
                  | Int+2 SH+5}
 38187 | Spider:4 | Reached skill level 1 in Stealth
 38195 | Spider:4 | Received a gift from Trog
 38680 | Spider:4 | Got a gossamer rune of Zot
 39349 | Elf:1    | Entered Level 1 of the Elven Halls
 39380 | Elf:1    | Received a gift from Trog
 39381 | Elf:1    | Cast into level 2 of the Abyss (a deep elf sorcerer)
 39476 | Abyss:2  | Gained mutation: You are frail. (-10% HP) [a neqoxec]
 39554 | Abyss:2  | Noticed a hellephant
 39592 | Abyss:2  | Killed a hellephant
 39617 | Abyss:2  | Noticed a bone dragon
 39630 | Abyss:2  | Killed a bone dragon
 39631 | Abyss:2  | Reached skill level 17 in Fighting
 39633 | Elf:1    | Escaped the Abyss
 40081 | Elf:1    | Identified Roxanne's Grimoire of Clay
 40081 | Elf:1    | Noticed Roxanne
 40105 | Elf:1    | Killed Roxanne
 40357 | Elf:1    | Received a gift from Trog
 41271 | Elf:2    | Identified the +7 spear of Devotion {pain, +Blink Will+
                  | Str-4 Dex+3}
 41296 | Elf:2    | Found a frozen archway.
 41480 | IceCv    | Entered an ice cave
 41484 | IceCv    | Reached skill level 15 in Throwing
 41581 | IceCv    | Received a gift from Trog
 41765 | IceCv    | Found an ancient bone altar of Kikubaaqudgha.
 42156 | IceCv    | Reached XP level 21. HP: 44/126 MP: 7/22
 42785 | Elf:2    | Found a runed translucent gate.
 42785 | Elf:2    | Found a runed translucent gate.
 42785 | Elf:2    | Found a runed translucent gate.
 43068 | Elf:2    | Received a gift from Trog
 43300 | Elf:2    | Reached skill level 18 in Fighting
 43523 | Elf:2    | HP: 7/189 [+0 lajatang of distortion (19)]
 43523 | Elf:2    | Cast into level 2 of the Abyss (+0 lajatang of distortion)
 43687 | Elf:2    | Escaped the Abyss
 44063 | Elf:2    | Received a gift from Trog
 44205 | Elf:2    | Reached skill level 10 in Evocations
 44532 | Elf:3    | Entered Level 3 of the Elven Halls
 45376 | Elf:3    | Received a gift from Trog
 45376 | Elf:3    | Found the +8 glaive of the Guard {elec, spectral, AC+5}
 46237 | Elf:3    | Identified the +9 scimitar of Dithmenos's Outrage {vorpal,
                  | Will- Str+5 Dex+5}
 46509 | Elf:3    | Cast into level 3 of the Abyss (a deep elf demonologist)
 46511 | Abyss:3  | Found a corrupted altar of Lugonu.
 46553 | Abyss:3  | Found an iron altar of Okawaru.
 46565 | Abyss:3  | Noticed a bone dragon
 46584 | Abyss:3  | Killed a bone dragon
 46584 | Abyss:3  | Received a gift from Trog
 46590 | Abyss:3  | Reached XP level 22. HP: 110/132 MP: 23/23
 46648 | Abyss:3  | Gained mutation: You occasionally shout uncontrollably at
                  | your foes. [a neqoxec]
 46713 | Elf:3    | Escaped the Abyss
 46994 | Elf:3    | Cast into level 3 of the Abyss (a deep elf sorcerer)
 47209 | Abyss:3  | Received a gift from Trog
 47368 | Elf:3    | Escaped the Abyss
 47634 | Elf:3    | Identified the +10 great mace "Ylel Lachirr" {freeze, rN+
                  | Str+2 Dex+5}
 47696 | Elf:3    | Cast into level 3 of the Abyss (a deep elf demonologist)
 47733 | Abyss:3  | Found a corrupted altar of Lugonu.
 47789 | Abyss:3  | Found a corrupted altar of Lugonu.
 47811 | Elf:3    | Escaped the Abyss
 47820 | Elf:3    | Identified the +9 dagger "Arbiter" {elec, rC+}
 48061 | Elf:3    | Identified the +0 robe of the Lost Path {Rampage rC+ rN+
                  | Dex-4}
 48201 | Orc:2    | Bought a condenser vane for 880 gold pieces
 48388 | Vaults:1 | Entered Level 1 of the Vaults
 48800 | Vaults:1 | Reached skill level 19 in Fighting
 48888 | Vaults:1 | Found Loigakhla's General Store.
 49512 | Vaults:1 | Reached XP level 23. HP: 14/131 MP: 24/24
 50461 | Vaults:1 | Found Azoon's Magic Scroll Shoppe.
 50469 | Vaults:1 | Bought a scroll of acquirement for 936 gold pieces
 50470 | Vaults:1 | Acquired a +2 tower shield of positive energy
 50633 | Vaults:1 | Found Marghem's Antique Weapon Shoppe.
 51060 | Vaults:2 | Received a gift from Trog
 51487 | Vaults:2 | Noticed Donald
 51499 | Vaults:2 | Killed Donald
 51868 | Vaults:2 | You are sucked into a shaft and drop 2 floors!
 51884 | Vaults:4 | Received a gift from Trog
 51885 | Vaults:4 | HP: 5/131 [shadow dragon/bolt of negative energy (36)]
 51888 | Vaults:4 | HP: 2/139 [shadow dragon (3)]
 51893 | Vaults:4 | Slain by a war gargoyle

Illustrated notes

Levels and vault maps discovered:
D:1:      minmay_arrival_stair_chambers, layout_basic,
          chequers_ecumenical_altar_grove
D:2:      layout_loops_ring, dk_vineyard_2, small_statue_intersection
D:3:      minmay_roachtagon, layout_basic
D:4:      layout_layer_cave, bh_walls_and_bars, uniq_pikel
D:5:      layout_basic, serial_shops, shop_fountains,
          hellmonk_ghost_happy_afterlife, uniq_sigmund, uniq_edmund
D:6:      layout_basic, lemuel_doored_altar
D:7:      layout_cave_pods, minmay_temple_entry_tees,
          ebering_ghost_disaster_area, kennysheep_generic_room_4
D:8:      layout_basic, lair_entry_dummy, nicolae_shop_overcharged_wands,
          uniq_grum, uniq_joseph
D:9:      minmay_the_grid_triangle_9x9_recursive_2_mashed
          [minmay_the_grid_triangle_9x9_prize_special,
          minmay_the_grid_triangle_9x9_sprig,
          minmay_the_grid_triangle_9x9_sparse_checkered,
          minmay_the_grid_triangle_9x9_thin_v], layout_rooms
D:10:     cheibrodos_statue_roulette, layout_irregular_city, st_stairs_14,
          uniq_josephine
D:11:     layout_roguey, erik_orc_2, st_stairs_7, grunt_decor_mini_mirrors,
          uniq_sonja
D:12:     layout_rooms, serial_shops, kennysheep_mini_moat, nicolae_water_bricks
D:13:     layout_cave_pools, nicolae_trove_entry_crystal, serial_shops,
          bzr_entry_road, uniq_kirke
D:14:     layout_roguey, erik_vaults_1, nicolae_qazlal_scattered_showers,
          uniq_nessos
D:15:     grunt_enter_depths_magical_seal, layout_rooms, serial_shops, shop,
          nrook_uturn, kennysheep_pointless_box
Lair:1:   layout_chaotic_city, serial_bayou_shore_b, serial_bayou_shore_b
Lair:2:   layout_regular_city, infiniplex_staircase_pool_2, grunt_megastairs_1,
          lemuel_fruit_tree, serial_bayou_shore_b
Lair:3:   minmay_guarded_unrand_snakebite, layout_regular_city,
          dummy_spider_entry, enter_volcano_1
Lair:4:   nzn_winding_woodlands_small [nzn_winding_woodlands_5x15_parted,
          nzn_winding_woodlands_center_triple_pond,
          nzn_winding_woodlands_5x15_eye], layout_loops_ring,
          elwin_shoals_entry_rooms, chequers_serial_rivers_room_b,
          nzn_sisyphean_effort
Lair:5:   layout_hall_layers, hangedman_lair_unloving_vines,
          infiniplex_staircase_pool
Lair:6:   evil_forest, layout_big_grid, slime_altar_1,
          gammafunk_ghost_hydra_chop, serial_bayou_shore_a, grunt_megastairs_5
Shoals:1: layout_shoals, nicolae_shoals_hidden_pirate_stash
Shoals:2: layout_shoals, uniq_polyphemus
Shoals:3: layout_shoals, ebering_ghost_rock_garden
Shoals:4: shoals_end_hellmonk_storm_palace [storm_palace_center_circular,
          storm_palace_corner_reverse_hut, storm_palace_corner_grid,
          storm_palace_corner_narrow, storm_palace_corner_altar]
Spider:1: layout_spider_delve, einodemon_crawler_minivault, uniq_jorgrun,
          uniq_rupert
Spider:2: layout_spider_delve
Spider:3: nicolae_spider_mines_1, hangedman_spider_tarantella_strand,
          nicolae_spider_cling_halls
Spider:4: spider_rune_water
Orc:1:    layout_caves, serial_shops, shop, mines1_david, uniq_harold,
          uniq_urug, uniq_fannar
Orc:2:    grunt_orc_tribal_feast, layout_diamond_mine, uniq_maurice,
          uniq_saint_roka
Elf:1:    minmay_elf_arrival_plus, layout_loops_ring, hangedman_corner_corridor,
          uniq_roxanne
Elf:2:    nicolae_elf_blades_crystal_corner, layout_geoelf_grid,
          portal_ice_cave_entry_ice_simulacra
Elf:3:    minmay_elf_hall_quartered_circle, layout_loops_cross
Vaults:1: hangedman_vaults_river_flow, ontoclasm_vaults_idyll,
          grunt_vaults_trifunnel, ontoclasm_vaults_gallery, v_misc_29,
          nicolae_vaults_what_the_h, nicolae_vaults_rhombus_6,
          ontoclasm_vaults_ring_square, nicolae_vaults_angled_halls,
          nicolae_vaults_asterisk, layout_vaults_omnicross, serial_shops,
          nicolae_shop_behind_doors, nicolae_lakefront_shop,
          nicolae_shop_competitors_out_of_business
Vaults:2: v_misc_1, nicolae_vaults_statue_guard, v_pattern_4, v_rooms_6,
          v_misc_16, nicolae_vaults_little_squares_2, grunt_vaults_hallway_long,
          vaults_dpeg_cross, v_alt_pattern_6, hangedman_vaults_maws,
          vaults_dpeg_diagonal, layout_vaults_omnigrid, uniq_donald
Vaults:4: ebering_vaults_ghost_gozag, nicolae_vaults_windows_and_doors_thing,
          hangedman_vaults_stitches, dpeg_vaults_pockets_of_resistance,
          nicolae_vaults_little_squares_1, nicolae_vaults_mini_display_case,
          nicolae_vaults_border_crossing, v_misc_4, v_misc_27,
          ontoclasm_vaults_hangar, nicolae_vaults_little_squares_3, v_misc_22,
          nicolae_vaults_hallways_thing, vaults_room_pool, vaults_dpeg_ring,
          nicolae_vaults_little_squares_6, vaults_room_hallway,
          layout_vaults_ring, mu_enter_wizlab_1

Skill      XL: |  1  2  3  4  5  6  7  8  9 10 11 12 13 14 15 16 17 18 19 20 21 22 23 |
---------------+----------------------------------------------------------------------+-----
Maces & Flails | 4 5 6 8 10 13 15 16 | 16.0
Dodging        | 3 4 5 6 9 11 12 14 | 14.4
Armour         | 3 4 5 6 9 11 12 14 | 14.4
Shields        | 1 3 4 7 9 11 14 15 18 | 18.1
Fighting       | 4 5 6 9 11 13 15 16 17 18 19 | 19.5
Evocations     | 6 13 | 13.0
Throwing       | 2 6 9 11 12 15 16 | 16.0
Stealth        | 4 |  4.0

Action                   |  1- 3 |  4- 6 |  7- 9 | 10-12 | 13-15 | 16-18 | 19-21 | 22-24 || total
-------------------------+-------+-------+-------+-------+-------+-------+-------+-------++-------
Melee: Mace              |    91 |   101 |    16 |       |       |       |       |       ||   208
       Kick              |    16 |    34 |    53 |   130 |   460 |   693 |   431 |   398 ||  2215
       Peck              |    15 |    14 |    34 |    79 |   299 |   445 |   270 |   234 ||  1390
       Flail             |       |       |   134 |     9 |       |       |       |       ||   143
       Eveningstar       |       |       |       |   330 |   356 |   568 |   408 |   376 ||  2038
       Unarmed           |       |       |       |    16 |       |       |       |       ||    16
       Demon whip        |       |       |       |       |    44 |       |     7 |       ||    51
       Whip              |       |       |       |       |   615 |   869 |   555 |   339 ||  2378
       Morningstar       |       |       |       |       |       |       |    24 |       ||    24
       Sacred scourge    |       |       |       |       |       |       |       |     6 ||     6
Throw: Stone             |     2 |       |       |       |       |       |       |       ||     2
       Dart              |       |       |    10 |    30 |    44 |    23 |       |       ||   107
       Boomerang         |       |       |       |       |       |   130 |    88 |    22 ||   240
       Throwing net      |       |       |       |       |       |     4 |       |       ||     4
       Javelin           |       |       |       |       |       |       |     3 |    31 ||    34
Invok: Berserk           |       |     2 |     7 |    16 |     9 |    18 |    10 |    10 ||    72
       Trog's Hand       |       |       |     1 |     4 |     4 |     6 |    12 |    14 ||    41
       Brothers in Arms  |       |       |       |     2 |     3 |     4 |     6 |     9 ||    24
Evoke: Wand              |       |       |       |     2 |     6 |     2 |       |     4 ||    14
       Phial of floods   |       |       |       |       |     1 |       |     1 |     2 ||     4
       Tin of tremorston |       |       |       |       |     1 |     3 |     2 |     5 ||    11
       Condenser vane    |       |       |       |       |       |       |       |     2 ||     2
  Use: Scroll            |       |       |    16 |     8 |    13 |     1 |     4 |     7 ||    49
       Potion            |       |       |       |     4 |       |     1 |     6 |    10 ||    21
 Stab: Sleeping          |     1 |       |       |       |       |       |       |       ||     1
       Held in net/web   |       |       |       |       |       |     3 |       |       ||     3
       Distracted        |       |       |       |       |       |     1 |     1 |     3 ||     5
Armor: Animal skin       |     5 |       |       |       |       |       |       |       ||     5
       Leather armour    |    17 |     5 |       |       |       |       |       |       ||    22
       Ring mail         |       |     2 |       |       |       |       |       |       ||     2
       Plate armour      |       |    27 |    18 |       |       |   380 |   259 |   185 ||   869
       Chain mail        |       |       |    29 |   114 |   227 |     6 |       |       ||   376
       Skin              |       |       |       |     8 |       |       |       |       ||     8
Dodge: Dodged            |    63 |    43 |    56 |   192 |   286 |   539 |   328 |   258 ||  1765
Block: Buckler           |       |    32 |    43 |    97 |     4 |       |       |       ||   176
       Kite shield       |       |       |       |       |   378 |   838 |   482 |   394 ||  2092

Table legend: (Time is in decaauts)
 A = Elapsed time spent in this place.
 B = Non-inter-level travel time spent in this place.
 C = Inter-level travel time spent in this place.
 D = Time resting spent in this place.
 E = Time spent auto-exploring this place.
 F = Levels seen in this place.
 G = Mean time per level.
                   A        B        C        D        E       F      G
               +--------+--------+--------+--------+--------+-----+--------+
         Total |  48228 |  44828 |   3400 |   8593 |  27273 |  46 | 1048.4 |
       Dungeon |  15984 |  14491 |   1493 |   2021 |   9823 |  15 | 1065.6 |
          Lair |   7702 |   6818 |    884 |   1545 |   4152 |   6 | 1283.7 |
        Shoals |   7126 |   6910 |    216 |   1896 |   3781 |   4 | 1781.5 |
   Spider Nest |   3549 |   3274 |    275 |    448 |   2125 |   4 |  887.2 |
  Orcish Mines |   2343 |   2093 |    250 |    297 |   1417 |   2 | 1171.5 |
   Elven Halls |   5835 |   5640 |    195 |    967 |   3484 |   3 | 1945.0 |
        Vaults |   3141 |   3057 |     84 |    495 |   1982 |   3 | 1047.0 |
         Abyss |   1044 |   1044 |      0 |    167 |    225 |   5 |  208.8 |
        Bazaar |     94 |     94 |      0 |      0 |     70 |   1 |   94.0 |
         Trove |     85 |     85 |      0 |      0 |     38 |   1 |   85.0 |
      Ice Cave |   1051 |   1051 |      0 |    665 |    158 |   1 | 1051.0 |
       Volcano |    270 |    270 |      0 |     90 |     15 |   1 |  270.0 |
               +--------+--------+--------+--------+--------+-----+--------+

Top non-repeatable levels by time:
   Elf:2: 3372 daAuts
Shoals:4: 2558 daAuts
    D:10: 2173 daAuts
Vaults:1: 2114 daAuts
  Lair:6: 1873 daAuts
Shoals:3: 1813 daAuts
   Orc:2: 1632 daAuts
Shoals:1: 1524 daAuts
    D:11: 1466 daAuts
  Lair:3: 1345 daAuts
  Lair:4: 1318 daAuts
   Elf:1: 1294 daAuts
     D:6: 1268 daAuts
     D:1: 1265 daAuts
Shoals:2: 1229 daAuts
